 Dungeon Crawl Stone Soup version 0.21-a0-179-gd2bfb5f (webtiles) character file.

67 tehllama the Insei (level 4, -10/43 HPs)
             Began as an Octopode Transmuter on Aug 11, 2017.
             Mangled by an ogre
             ... wielding a +0 giant club
              (12 damage)
             ... on level 3 of the Dungeon.
             The game lasted 00:03:24 (2013 turns).

tehllama the Insei (Octopode Transmuter)            Turns: 2013, Time: 00:03:28

Health: -10/43     AC: 22    Str:  9    XL:     4   Next: 16%
Magic:  6/7        EV:  2    Int: 16    God:
Gold:   82         SH:  0    Dex: 12    Spells: 4/7 levels left

rFire    . . .     SeeInvis .     - Unarmed
rCold    . . .     Gourm    .   (no shield)
rNeg     + + +     Faith    .   (helmet currently unavailable)
rPois    +         Spirit   .   (no amulet)
rElec    .         Reflect  .   (no ring)
rCorr    .         Harm     .   (no ring)
MR       .....     NoTele   +   (no ring)
Stlth    ++........             (no ring)
HPRegen  0.14/turn              (no ring)
MPRegen  0.10/turn              (no ring)
                                (no ring)
                                (no ring)

@: lethally poisoned (-10 -> -12), tree-form
A: almost no armour, stealthy swim, (amphibious), 8 rings, (constrict 8)
a: no special abilities


You were on level 3 of the Dungeon.
You were not hungry.
You were a tree.
You visited 1 branch of the dungeon, and saw 3 of its levels.

You collected 82 gold pieces.

Inventory:

Missiles
 a - 12 arrows
Armour
 o - a +2 large shield
Jewellery
 f - an uncursed amulet of rage {unknown}
Scrolls
 d - a scroll of enchant weapon {unknown}
 g - 3 scrolls of teleportation {unknown}
 h - a scroll of immolation {unknown}
 i - 3 scrolls of identify {unknown}
 k - a scroll of fear {unknown}
Potions
 e - a potion of magic {unknown}
 j - 3 potions of lignification
 m - a potion of flight {unknown}
 n - a potion of mutation {unknown}
Books
 b - a book of Changes

   Spells                             Type                      Level
   a - Beastly Appendage              Transmutation                1
   b - Sticks to Snakes               Transmutation                2
   c - Spider Form                    Transmutation/Poison         3
   d - Ice Form                       Ice/Transmutation            4
   e - Blade Hands                    Transmutation                5
Comestibles
 c - a bread ration
 l - 2 chunks of flesh


   Skills:
 + Level 1.7 Fighting
 + Level 2.4 Dodging
 * Level 3.0 Stealth
 + Level 3.1 Unarmed Combat
 + Level 2.4 Spellcasting
 + Level 2.2 Transmutations


You had 4 spell levels left.
You knew the following spells:

 Your Spells              Type           Power        Failure   Level  Hunger
a - Beastly Appendage     Tmut           #.....       8%          1    #......
b - Sticks to Snakes      Tmut           #.......     12%         2    ###....


Dungeon Overview and Level Annotations

Branches:
Dungeon (3/15)

Altars:
Cheibriados


Innate Abilities, Weirdness & Mutations

You cannot wear most types of armour.
You are very stealthy in the water. (Stealth+)
((You are amphibious.))
You can wear up to eight rings at the same time.
((You can use your tentacles to constrict eight enemies at once.))
((Your skin changes colour to match your surroundings (Stealth+).))
((Your rubbery body absorbs attacks. (AC +1, EV +1)))


Message History

The ogre shouts!
The ogre closely misses you.
The leopard gecko hisses angrily.
You tentacle-slap the ogre but do no damage.
The adder bites you.
You tentacle-slap the ogre.
You pierce the ogre.
The ogre is moderately wounded.
The adder bites you.
You are poisoned.
The adder poisons you! The ogre hits you with a giant club!!
Ouch! That really hurt!
* * * LOW HITPOINT WARNING * * *
It was a potion of lignification.
Your tentacle spike disappears.
You turn into a tree.
Your roots penetrate the ground.
* * * LOW HITPOINT WARNING * * *
You feel sick. The adder bites you but does no damage.
The leopard gecko hisses menacingly.
The ogre hits you with a giant club!
You die...

#.....# #
.....# #.
.....#
#.##....#
####......#
....?..l..##.#
.......O.....##
.......♣S......
...............
.?.............
....[..?.......
(..####........
.. #.....### .
#######


You could see an ogre, an adder and a leopard gecko.

Vanquished Creatures
  2 adders (D:2)
  An ooze (D:2)
  A worm (D:1)
  A leopard gecko (D:2)
  7 hobgoblins
  5 kobolds
  5 quokkas (D:2)
  6 bats
  6 goblins
  2 rats (D:1)
36 creatures vanquished.

Notes
Turn   | Place    | Note
-------+----------+-------------------------------------------
     0 | D:1      | tehllama the Octopode Transmuter began the quest for the Orb.
     0 | D:1      | Reached XP level 1. HP: 13/13 MP: 3/3
   131 | D:1      | Reached skill level 1 in Stealth
   185 | D:1      | Reached XP level 2. HP: 7/18 MP: 3/5
   920 | D:2      | Reached XP level 3. HP: 13/23 MP: 4/6
  1351 | D:2      | Learned a level 2 spell: Sticks to Snakes
  1452 | D:2      | Found a snail-covered altar of Cheibriados.
  1953 | D:2      | Reached XP level 4. HP: 24/28 MP: 5/7
  2009 | D:3      | Noticed an ogre
  2013 | D:3      | HP: 2/43 [poisoned by an adder]
  2013 | D:3      | Mangled by an ogre

Vault maps used:
D:1:      dpeg_arrival_simpleton_b, serial_park_tiny_pond
D:2:      cheibriados_altar_1
D:3:      first_bread

Skill      XL: |  1  2  3  4 |
---------------+-------------+-----
Stealth        | 1 2 3 |  3.0
Fighting       | |  1.7
Dodging        | |  2.4
Unarmed Combat | |  3.1
Spellcasting   | |  2.4
Transmutations | |  2.2

Action                   |  1- 3 |  4- 6 || total
-------------------------+-------+-------++-------
Melee: Unarmed           |    90 |     5 ||    95
       Kick              |    16 |     3 ||    19
       Constrict         |    25 |       ||    25
       Tentacles         |    15 |       ||    15
       Punch             |     2 |       ||     2
 Cast: Beastly Appendage |    22 |     2 ||    24
  Use: Potion            |       |     1 ||     1
 Stab: Sleeping          |     5 |       ||     5
  Eat: Chunk             |     4 |       ||     4
Armor: Skin              |    10 |     1 ||    11
Dodge: Dodged            |    58 |     2 ||    60
